% Time on Ice - SAN FRANCISCO SPIDERS
Lines # - Real PCT - Wanted PCT - Time Play
Normal Forward
1 - 35% - 38% - 18:27
2 - 34% - 37% - 17:38
3 - 21% - 20% - 10:50
4 - 10% - 5% - 5:21
Normal Defense
1 - 37% - 35% - 19:18
2 - 35% - 35% - 18:16
3 - 21% - 20% - 10:51
4 - 7% - 10% - 3:51
PP Forward
1 - 55% - 55% - 4:17
2 - 45% - 45% - 3:27
PP Defense
1 - 55% - 55% - 4:15
2 - 45% - 45% - 3:29
PK Forward
1 - 0% - 55%
2 - 0% - 45%
PK Defense
1 - 0% - 55%
2 - 0% - 45%
PK3 Forward
1 - 0% - 55%
2 - 0% - 45%
PK3 Defense
1 - 0% - 55%
2 - 0% - 45%
44 Forward
1 - 0% - 55%
2 - 0% - 45%
44 Defense
1 - 0% - 55%
2 - 0% - 45%
Last Minute Offensive  - 0:00
Last Minute Defensive  - 0:00
Total
Forward - 60:00
Defense - 60:00
% Time on Ice - REGINA FALCONS
Lines # - Real PCT - Wanted PCT - Time Play
Normal Forward
1 - 38% - 36% - 19:52
2 - 31% - 31% - 16:07
3 - 24% - 23% - 12:17
4 - 8% - 10% - 4:00
Normal Defense
1 - 27% - 36% - 14:19
2 - 37% - 31% - 19:12
3 - 12% - 23% - 6:18
4 - 24% - 10% - 12:27
PP Forward
1 - 0% - 55%
2 - 0% - 45%
PP Defense
1 - 0% - 55%
2 - 0% - 45%
PK Forward
1 - 61% - 55% - 4:45
2 - 39% - 45% - 2:59
PK Defense
1 - 45% - 55% - 3:30
2 - 55% - 45% - 4:14
PK3 Forward
1 - 0% - 55%
2 - 0% - 45%
PK3 Defense
1 - 0% - 55%
2 - 0% - 45%
44 Forward
1 - 0% - 55%
2 - 0% - 45%
44 Defense
1 - 0% - 55%
2 - 0% - 45%
Last Minute Offensive  - 0:00
Last Minute Defensive  - 0:00
Total
Forward - 60:00
Defense - 60:00
Play-by-Play 1st period 0:01 of 1st period - Rickard Rakell wins face-off versus Sebastian Aho in neutral zone. 0:09 of 1st period - Minor Penalty to Alexander Edler for Tripping. 0:10 of 1st period - Cole Smith wins face-off versus Sebastian Aho in REGINA FALCONS zone. 0:38 of 1st period - Icing by Darnell Nurse. 0:39 of 1st period - Cole Smith wins face-off versus Jared McCann in SAN FRANCISCO SPIDERS zone. 0:43 of 1st period - Icing by Brenden Dillon. 0:44 of 1st period - Sebastian Aho wins face-off versus Cole Smith in SAN FRANCISCO SPIDERS zone. 0:51 of 1st period - Shot by Jared McCann. 0:51 of 1st period - Stopped by Anton Khudobin without a rebound. 0:52 of 1st period - Bo Horvat wins face-off versus Andrei Kuzmenko in REGINA FALCONS zone. 0:53 of 1st period - Shot by Zach Hyman. 0:53 of 1st period - Shot Misses the Net. 0:55 of 1st period - Shot by Michael Anderson. 0:55 of 1st period - Stopped by Anton Khudobin without a rebound. 0:56 of 1st period - Bo Horvat wins face-off versus Cole Smith in REGINA FALCONS zone. 1:31 of 1st period - Viktor Arvidsson is hit by Erik Gustafsson and loses puck. 2:19 of 1st period - Eeli Tolvanen is hit by Alexander Edler and loses puck. 2:24 of 1st period - Shot by Eeli Tolvanen. 2:24 of 1st period - Stopped by Anton Khudobin without a rebound. 2:25 of 1st period - Bo Horvat wins face-off versus Rickard Rakell in REGINA FALCONS zone. 2:27 of 1st period - Andrei Svechnikov is hit by Alexander Edler and loses puck. 2:33 of 1st period - Off-side. 2:34 of 1st period - Sebastian Aho wins face-off versus Simon Ryfors in neutral zone. 3:08 of 1st period - Icing by Erik Gudbranson. 3:09 of 1st period - Sebastian Aho wins face-off versus Rickard Rakell in SAN FRANCISCO SPIDERS zone. 3:26 of 1st period - Shot by Zach Hyman. 3:26 of 1st period - Shot Misses the Net. 6:24 of 1st period - Shot by Sebastian Aho. 6:24 of 1st period - Deflect By Jared McCann. 6:24 of 1st period - Goal by Jared McCann - SAN FRANCISCO SPIDERS : 1 - REGINA FALCONS : 0. 6:25 of 1st period - Dakota Joshua wins face-off versus Max Jones in neutral zone. 6:32 of 1st period - Shot by Eeli Tolvanen. 6:32 of 1st period - Shot Blocked by Erik Gustafsson. 6:41 of 1st period - Erik Gustafsson is hit by Darnell Nurse and loses puck. 6:44 of 1st period - Shot by Erik Gustafsson. 6:44 of 1st period - Shot Blocked by Darnell Nurse. 7:06 of 1st period - Darnell Nurse is hit by Jeff Malott and loses puck. 7:19 of 1st period - Shot by Eric Robinson. 7:19 of 1st period - Shot Misses the Net. 7:21 of 1st period - Shot by Ivan Provorov. 7:21 of 1st period - Deflect By Simon Ryfors. 7:21 of 1st period - Shot Misses the Net. 7:54 of 1st period - Cole Smith is hit by Darnell Nurse. 8:24 of 1st period - Shot by Rickard Rakell. 8:24 of 1st period - Shot Misses the Net. 8:26 of 1st period - Shot by Alexander Edler. 8:26 of 1st period - Shot Misses the Net. 8:38 of 1st period - Shot by Andrei Svechnikov. 8:38 of 1st period - Shot Misses the Net. 10:30 of 1st period - Viktor Arvidsson is hit by Cole Smith and loses puck. 10:43 of 1st period - Shot by Cole Smith. 10:43 of 1st period - Stopped by Kevin Lankinen without a rebound. 10:44 of 1st period - Rickard Rakell wins face-off versus Kirby Dach in SAN FRANCISCO SPIDERS zone. 10:57 of 1st period - Shot by Andrei Kuzmenko. 10:57 of 1st period - Stopped by Kevin Lankinen without a rebound. 10:58 of 1st period - Rickard Rakell wins face-off versus Kirby Dach in SAN FRANCISCO SPIDERS zone. 11:11 of 1st period - Shot by Rickard Rakell. 11:11 of 1st period - Shot Blocked by Darnell Nurse. 11:23 of 1st period - Shot by Viktor Arvidsson. 11:23 of 1st period - Deflect By Kirby Dach. 11:23 of 1st period - Shot Misses the Net. 11:25 of 1st period - Shot by Darnell Nurse. 11:25 of 1st period - Shot Misses the Net. 11:43 of 1st period - Shot by Bo Horvat. 11:43 of 1st period - Stopped by Anton Khudobin without a rebound. 11:44 of 1st period - Simon Ryfors wins face-off versus Sebastian Aho in REGINA FALCONS zone. 12:19 of 1st period - Shot by Zach Hyman. 12:19 of 1st period - Deflect By Sebastian Aho. 12:19 of 1st period - Shot Misses the Net. 13:04 of 1st period - Shot by Jacob Peterson. 13:04 of 1st period - Shot Misses the Net. 13:52 of 1st period - Brenden Dillon is hit by Max Jones and loses puck. 14:00 of 1st period - Off-side. 14:01 of 1st period - Sebastian Aho wins face-off versus Rickard Rakell in neutral zone. 14:13 of 1st period - Icing by Zach Hyman. 14:14 of 1st period - Sebastian Aho wins face-off versus Rickard Rakell in SAN FRANCISCO SPIDERS zone. 14:14 of 1st period - Sebastian Aho is hit by Rickard Rakell. 14:26 of 1st period - Shot by David Pastrnak. 14:26 of 1st period - Deflect By Rickard Rakell. 14:26 of 1st period - Stopped by Kevin Lankinen without a rebound. 14:27 of 1st period - Kirby Dach wins face-off versus Simon Ryfors in SAN FRANCISCO SPIDERS zone. 14:44 of 1st period - Shot by Kirby Dach. 14:44 of 1st period - Shot Blocked by Ivan Provorov. 15:02 of 1st period - Shot by Viktor Arvidsson. 15:02 of 1st period - Stopped by Anton Khudobin without a rebound. 15:03 of 1st period - Sebastian Aho wins face-off versus Rickard Rakell in REGINA FALCONS zone. 15:19 of 1st period - David Pastrnak is hit by Darnell Nurse and loses puck. 15:26 of 1st period - Shot by Andrei Kuzmenko. 15:26 of 1st period - Goal by Andrei Kuzmenko - SAN FRANCISCO SPIDERS : 1 - REGINA FALCONS : 1. 15:27 of 1st period - Bo Horvat wins face-off versus Egor Afanasyev in neutral zone. 15:29 of 1st period - Sean Durzi is hit by Erik Gustafsson and loses puck. 15:33 of 1st period - Minor Penalty to Aaron Ekblad for Roughing. 15:34 of 1st period - Cole Smith wins face-off versus Sebastian Aho in REGINA FALCONS zone. 15:54 of 1st period - Andrei Svechnikov is hit by Cole Smith and loses puck. 16:15 of 1st period - Shot by Sebastian Aho. 16:15 of 1st period - Shot Misses the Net. 16:51 of 1st period - Shot by Bo Horvat. 16:51 of 1st period - Shot Blocked by Pierre-Olivier Joseph. 17:13 of 1st period - Shot by Zach Hyman. 17:13 of 1st period - Stopped by Anton Khudobin without a rebound. 17:14 of 1st period - Sebastian Aho wins face-off versus Andrei Kuzmenko in REGINA FALCONS zone. 17:17 of 1st period - Shot by Darnell Nurse. 17:17 of 1st period - Shot Misses the Net. 17:24 of 1st period - Shot by Darnell Nurse. 17:24 of 1st period - Shot Misses the Net. 17:26 of 1st period - Shot by Darnell Nurse. 17:26 of 1st period - Stopped by Anton Khudobin without a rebound. 17:27 of 1st period - Sebastian Aho wins face-off versus Cole Smith in REGINA FALCONS zone. 17:32 of 1st period - Shot by Jared McCann. 17:32 of 1st period - Shot Misses the Net. 17:37 of 1st period - Off-side. 17:38 of 1st period - Jacob Peterson wins face-off versus Dakota Joshua in neutral zone. 17:38 of 1st period - Jacob Peterson is hit by Dakota Joshua. 17:41 of 1st period - Off-side. 17:42 of 1st period - Bo Horvat wins face-off versus Rickard Rakell in neutral zone. 18:26 of 1st period - Shot by Bo Horvat. 18:26 of 1st period - Goal by Bo Horvat - SAN FRANCISCO SPIDERS : 2 - REGINA FALCONS : 1. 18:27 of 1st period - Sebastian Aho wins face-off versus Simon Ryfors in neutral zone. 18:30 of 1st period - Shot by Zach Hyman. 18:30 of 1st period - Shot Blocked by Aaron Ekblad. 18:34 of 1st period - Shot by Sebastian Aho. 18:34 of 1st period - Stopped by Anton Khudobin with a rebound. 18:44 of 1st period - Eric Robinson is hit by Jared McCann and loses puck. 18:58 of 1st period - Zach Hyman is hit by Erik Gustafsson and loses puck. 19:03 of 1st period - Shot by Sebastian Aho. 19:03 of 1st period - Shot Misses the Net. 19:05 of 1st period - Shot by Darnell Nurse. 19:05 of 1st period - Shot Misses the Net. 19:13 of 1st period - Shot by Sebastian Aho. 19:13 of 1st period - Shot Misses the Net. 19:24 of 1st period - Aaron Ekblad is hit by Brenden Dillon and loses puck. 19:38 of 1st period - Kirby Dach is hit by Ivan Provorov and loses puck. 19:41 of 1st period - Shot by Brenden Dillon. 19:41 of 1st period - Stopped by Anton Khudobin without a rebound. 19:42 of 1st period - Bo Horvat wins face-off versus Rickard Rakell in REGINA FALCONS zone. 19:45 of 1st period - Shot by Jack Roslovic. 19:45 of 1st period - Shot Misses the Net. 19:56 of 1st period - David Pastrnak is hit by Sean Durzi and loses puck. Goals for this period are 2 for SAN FRANCISCO SPIDERS vs 1 for REGINA FALCONS. Shots for this period are 11 for SAN FRANCISCO SPIDERS vs 4 for REGINA FALCONS. 2nd period 0:01 of 2nd period - Sebastian Aho wins face-off versus Rickard Rakell in neutral zone. 0:07 of 2nd period - Jared McCann is hit by Ty Smith and loses puck. 0:11 of 2nd period - Icing by David Pastrnak. 0:12 of 2nd period - Bo Horvat wins face-off versus Rickard Rakell in REGINA FALCONS zone. 0:31 of 2nd period - Shot by Bo Horvat. 0:31 of 2nd period - Shot Blocked by Andrei Kuzmenko. 0:33 of 2nd period - Shot by Jack Roslovic. 0:33 of 2nd period - Stopped by Anton Khudobin without a rebound. 0:34 of 2nd period - Simon Ryfors wins face-off versus Sebastian Aho in REGINA FALCONS zone. 0:55 of 2nd period - Shot by Jared McCann. 0:55 of 2nd period - Shot Misses the Net. 1:06 of 2nd period - Jared McCann is hit by Erik Gustafsson and loses puck. 1:12 of 2nd period - Sebastian Aho is hit by Erik Gustafsson and loses puck. 2:31 of 2nd period - Icing by Erik Gudbranson. 2:32 of 2nd period - Kirby Dach wins face-off versus Jacob Peterson in SAN FRANCISCO SPIDERS zone. 2:32 of 2nd period - Viktor Arvidsson is hit by Jeffrey Viel and loses puck. 2:39 of 2nd period - Ivan Provorov is hit by Kirby Dach and loses puck. 2:49 of 2nd period - Kirby Dach is hit by Pierre-Olivier Joseph and loses puck. 2:56 of 2nd period - Shot by Viktor Arvidsson. 2:56 of 2nd period - Stopped by Anton Khudobin without a rebound. 2:57 of 2nd period - Simon Ryfors wins face-off versus Sebastian Aho in REGINA FALCONS zone. 2:57 of 2nd period - Simon Ryfors is hit by Jared McCann. 3:03 of 2nd period - Darnell Nurse is hit by Cole Smith and loses puck. 3:24 of 2nd period - Shot by Jared McCann. 3:24 of 2nd period - Shot Misses the Net. 3:28 of 2nd period - Shot by Zach Hyman. 3:28 of 2nd period - Stopped by Anton Khudobin without a rebound. 3:29 of 2nd period - Bo Horvat wins face-off versus Rickard Rakell in REGINA FALCONS zone. 4:05 of 2nd period - Shot by Bo Horvat. 4:05 of 2nd period - Stopped by Anton Khudobin without a rebound. 4:06 of 2nd period - Sebastian Aho wins face-off versus Egor Afanasyev in REGINA FALCONS zone. 4:10 of 2nd period - Jared McCann is hit by Alexander Edler and loses puck. 4:21 of 2nd period - Shot by Zach Hyman. 4:21 of 2nd period - Goal by Zach Hyman - SAN FRANCISCO SPIDERS : 3 - REGINA FALCONS : 1. 4:22 of 2nd period - Kirby Dach wins face-off versus Simon Ryfors in neutral zone. 4:38 of 2nd period - Shot by Eric Robinson. 4:38 of 2nd period - Shot Misses the Net. 4:40 of 2nd period - Shot by Aaron Ekblad. 4:40 of 2nd period - Stopped by Kevin Lankinen without a rebound. 4:41 of 2nd period - Sebastian Aho wins face-off versus Max Jones in SAN FRANCISCO SPIDERS zone. 4:54 of 2nd period - Shot by Jared McCann. 4:54 of 2nd period - Shot Blocked by Max Jones. 5:14 of 2nd period - Shot by Zach Hyman. 5:14 of 2nd period - Shot Blocked by Alexander Edler. 5:16 of 2nd period - Shot by Sebastian Aho. 5:16 of 2nd period - Stopped by Anton Khudobin without a rebound. 5:17 of 2nd period - Andrei Kuzmenko wins face-off versus Bo Horvat in REGINA FALCONS zone. 5:32 of 2nd period - Shot by Andrei Kuzmenko. 5:32 of 2nd period - Shot Misses the Net. 5:34 of 2nd period - Shot by Aaron Ekblad. 5:34 of 2nd period - Shot Misses the Net. 5:36 of 2nd period - Shot by David Pastrnak. 5:36 of 2nd period - Goal by David Pastrnak - SAN FRANCISCO SPIDERS : 3 - REGINA FALCONS : 2. 5:37 of 2nd period - Simon Ryfors wins face-off versus Kirby Dach in neutral zone. 5:44 of 2nd period - Shot by Eric Robinson. 5:44 of 2nd period - Goal by Eric Robinson - SAN FRANCISCO SPIDERS : 3 - REGINA FALCONS : 3. 5:45 of 2nd period - Rickard Rakell wins face-off versus Bo Horvat in neutral zone. 6:05 of 2nd period - Shot by Rickard Rakell. 6:05 of 2nd period - Stopped by Kevin Lankinen without a rebound. 6:06 of 2nd period - Egor Afanasyev wins face-off versus Sebastian Aho in SAN FRANCISCO SPIDERS zone. 6:10 of 2nd period - Icing by Michael Anderson. 6:11 of 2nd period - Sebastian Aho wins face-off versus Egor Afanasyev in SAN FRANCISCO SPIDERS zone. 7:18 of 2nd period - Icing by Sebastian Aho. 7:19 of 2nd period - Sebastian Aho wins face-off versus Simon Ryfors in SAN FRANCISCO SPIDERS zone. 7:33 of 2nd period - Icing by John Klingberg. 7:34 of 2nd period - Simon Ryfors wins face-off versus Bo Horvat in REGINA FALCONS zone. 7:34 of 2nd period - Simon Ryfors is hit by Andrei Svechnikov. 8:40 of 2nd period - Shot by Andrei Kuzmenko. 8:40 of 2nd period - Shot Misses the Net. 9:35 of 2nd period - Jared McCann is hit by Aaron Ekblad and loses puck. 10:40 of 2nd period - Shot by Bo Horvat. 10:40 of 2nd period - Stopped by Anton Khudobin without a rebound. 10:41 of 2nd period - Rickard Rakell wins face-off versus Dakota Joshua in REGINA FALCONS zone. 10:41 of 2nd period - Rickard Rakell is hit by Dakota Joshua. 10:57 of 2nd period - Shot by Rickard Rakell. 10:57 of 2nd period - Stopped by Kevin Lankinen with a rebound. 10:59 of 2nd period - Shot by David Pastrnak. 10:59 of 2nd period - Stopped by Kevin Lankinen without a rebound. 11:00 of 2nd period - Bo Horvat wins face-off versus Rickard Rakell in SAN FRANCISCO SPIDERS zone. 11:24 of 2nd period - Shot by Bo Horvat. 11:24 of 2nd period - Goal by Bo Horvat - SAN FRANCISCO SPIDERS : 4 - REGINA FALCONS : 3. 11:25 of 2nd period - Sebastian Aho wins face-off versu